 Dungeon Crawl Stone Soup version 0.24.0-123-gd5b16e6ec5 (webtiles) character file.

Game seed: 12506702626801198570, levelgen mode: deterministic

998 Destapler the Cleaver (level 8, 0/66 HPs)
             Began as a Minotaur Fighter on Dec 29, 2019.
             Was an Initiate of Makhleb.
             Slain by an orc warrior
             ... wielding a +0 war axe
              (4 damage)
             ... on level 6 of the Dungeon.
             The game lasted 00:12:24 (4773 turns).

Destapler the Cleaver (Minotaur Fighter)            Turns: 4773, Time: 00:12:24

Health: 0/66       AC:  7    Str: 29    XL:     8   Next: 0%
Magic:  7/7        EV:  8    Int:  5    God:    Makhleb [......]
Gold:   238        SH: 11    Dex:  9    Spells: 7/7 levels left

rFire    . . .     SeeInvis .   a - +3 hand axe
rCold    . . .     Gourm    .   c - +0 shield
rNeg     . . .     Faith    .   b - +0 scale mail
rPois    +         Spirit   .   (helmet restricted)
rElec    .         Reflect  .   (no cloak)
rCorr    .         Harm     .   (no gloves)
MR       .....                  (no boots)
Stlth    ..........             (no amulet)
HPRegen  0.21/turn              h - ring of poison resistance
MPRegen  0.10/turn              (no ring)

@: mighty
A: retaliatory headbutt, horns 2
a: Renounce Religion


You were on level 6 of the Dungeon.
You worshipped Makhleb.
Makhleb was noncommittal.
You were not hungry.

You visited 2 branches of the dungeon, and saw 7 of its levels.

You collected 238 gold pieces.

Inventory:

Hand Weapons
 a - a +3 hand axe (weapon)
Missiles
 e - 80 stones (quivered)
 k - 43 poisoned darts
Armour
 b - a +0 scale mail (worn)
 c - a +0 shield (worn)
Jewellery
 h - a ring of poison resistance (left hand)
Scrolls
 i - 2 scrolls of enchant weapon {unknown}
 l - 3 scrolls of identify
 o - 2 scrolls of fear
 q - 2 scrolls of remove curse
 r - a scroll of enchant armour {unknown}
 t - a scroll of random uselessness {unknown}
 u - a scroll of fog {unknown}
Potions
 d - a potion of might
 g - a potion of lignification {unknown}
 j - 2 potions of flight
 m - 2 potions of agility {unknown}
 n - 3 potions of degeneration {unknown}
 p - 2 potions of curing {unknown}
 s - a potion of brilliance {unknown}
 w - a potion of invisibility {unknown}
 x - a potion of magic {unknown}
Comestibles
 f - 10 rations
 v - 5 chunks of flesh


   Skills:
 + Level 3.7 Fighting
 + Level 9.3 Axes
 + Level 3.7 Armour
 + Level 0.4 Dodging
 + Level 7.1 Shields
 + Level 0.4 Invocations


You had 7 spell levels left.
You didn't know any spells.
Your spell library was empty.

Dungeon Overview and Level Annotations

Branches:
Dungeon (6/15)             Temple (1/1) D:5

Altars:
Ashenzari
Cheibriados
Dithmenos
Elyvilon
Fedhas
Gozag
Hepliaklqana
Kikubaaqudgha
Makhleb
Nemelex Xobeh
Okawaru
Qazlal
Ru
Sif Muna
Trog
Uskayaw
Vehumet
Wu Jian
Xom
Yredelemnul
Zin
The Shining One

Shops:
D:5 [


Innate Abilities, Weirdness & Mutations

You reflexively headbutt those who attack you in melee.
You have a pair of horns on your head.


Message History

The orc warrior hits you with a +0 war axe.
You block the orc's attack.
The orc wizard miscasts a cantrip.
You feel very mighty all of a sudden. The orc hits you with a +0 flail.
You block the orc warrior's attack.
You closely miss the orc. You hit the orc warrior.
The orc hits you but does no damage.
Your shield and scale mail prevent you from hitting the orc.
You closely miss the orc warrior.
The orc warrior hits you with a +0 war axe!
* * * LOW HITPOINT WARNING * * *
You block the orc's attack.
You closely miss the orc. You headbutt the orc!
You kill the orc!
Makhleb accepts your kill.
You have reached level 8!
You feel stronger.
You hit the orc warrior.
The orc warrior hits you with a +0 war axe.
You die...

...####+#####
..............#
..............#
..............#
..............+
..............#
..............#
.....?..oo....#
#....
.........o@...###
#....
.....####+#.....#
#.... ... #.....#
#.... . #.....+
+.<.. #.....#
#....
#.....#######....
#................
######...........
#...........


You could see an orc warrior, an orc wizard and an orc.

Vanquished Creatures
  Grinder (D:5)
  2 ogres
  A phantom (D:4)
  A crimson imp (D:5)
  5 orc wizards
  An orc priest (D:6)
  2 hounds (D:4)
  A centaur skeleton (D:6)
  4 worker ants
  4 adders
  A howler monkey skeleton (D:4)
  An adder zombie (D:6)
  3 worms
  5 dart slugs
  4 leopard geckos
  11 orcs
  A ball python (D:1)
  6 giant cockroaches
  10 hobgoblins
  4 jackals (D:2)
  A quokka (D:4)
  4 bats
  6 frilled lizards
  4 goblins
  6 kobolds
  A quokka skeleton (D:4)
  10 rats
  A bush (D:1)
  A plant (D:1)
102 creatures vanquished.

Notes
Turn   | Place    | Note
-------+----------+-------------------------------------------
     0 | D:1      | Destapler the Minotaur Fighter began the quest for the Orb.
     0 | D:1      | Reached XP level 1. HP: 19/19 MP: 0/0
   201 | D:1      | Reached XP level 2. HP: 21/26 MP: 1/1
   528 | D:1      | Reached skill level 3 in Axes
  1019 | D:2      | Reached XP level 3. HP: 28/31 MP: 2/2
  1225 | D:2      | Reached skill level 4 in Axes
  1543 | D:2      | Reached XP level 4. HP: 29/39 MP: 3/3
  2047 | D:3      | Reached skill level 5 in Shields
  2087 | D:3      | Reached skill level 5 in Axes
  2402 | D:3      | Reached XP level 5. HP: 45/45 MP: 4/4
  2926 | D:4      | Noticed a phantom
  2973 | D:4      | Killed a phantom
  2973 | D:4      | Reached skill level 6 in Axes
  3212 | D:4      | Noticed an ogre
  3270 | D:3      | Reached XP level 6. HP: 40/51 MP: 5/5
  3447 | D:4      | Reached skill level 7 in Axes
  3634 | D:5      | Entered Level 5 of the Dungeon
  3852 | D:5      | Reached XP level 7. HP: 57/57 MP: 6/6
  3864 | D:5      | Reached skill level 8 in Axes
  3871 | D:5      | Found Haun's Armour Boutique.
  3919 | D:5      | Noticed Grinder
  3939 | D:5      | Killed Grinder
  4060 | D:5      | Found a staircase to the Ecumenical Temple.
  4069 | Temple   | Entered the Ecumenical Temple
  4326 | Temple   | Became a worshipper of Makhleb the Destroyer
  4431 | D:5      | Noticed a moth of wrath
  4434 | D:5      | Found a bloodstained altar of Trog.
  4525 | D:6      | Reached skill level 9 in Axes
  4773 | D:6      | Reached XP level 8. HP: 4/66 MP: 7/7
  4773 | D:6      | Slain by an orc warrior

Levels and vault maps discovered:
D:1:      dpeg_arrival_simpleton_c, layout_loops_corners, serial_forest,
          infiniplex_forest_lined_3, infiniplex_forest_3_way,
          infiniplex_forest_straight_1, infiniplex_forest_corner_2,
          infiniplex_forest_side_room, infiniplex_forest_lined_2,
          infiniplex_forest_join
D:2:      layout_loops_cross
D:3:      layout_loops_ring, first_ration, hangedman_decor_riveting,
          st_stairs_14
D:4:      layout_loops_ring
D:5:      layout_rooms, tgw_trog, minmay_temple_entry_poolview, serial_shops,
          shop, roderic_lattice_a, nicolae_zen_rock_garden, serial_park_tiny_2,
          uniq_grinder
D:6:      layout_gridville, uniq_sigmund
Temple:   nicolae_temple_the_god_donut

Skill      XL: |  1  2  3  4  5  6  7 |
---------------+----------------------+-----
Shields        | 4 5 6 7 |  7.1
Axes           | 3 4 5 6 7 9 |  9.3
Fighting       | |  3.7
Armour         | |  3.7
Dodging        | |  0.4
Invocations    | |  0.4

Action                   |  1- 3 |  4- 6 |  7- 9 || total
-------------------------+-------+-------+-------++-------
Melee: War axe           |   152 |   117 |    50 ||   319
       Headbutt          |    27 |    18 |     9 ||    54
       Hand axe          |       |       |    21 ||    21
Throw: Stone             |       |     6 |     1 ||     7
  Use: Scroll            |       |     6 |       ||     6
       Potion            |       |       |     1 ||     1
  Eat: Chunk             |     2 |     7 |     4 ||    13
Armor: Scale mail        |    36 |    32 |    16 ||    84
Dodge: Dodged            |    32 |    30 |    13 ||    75
Block: Shield            |    35 |    61 |    28 ||   124
